Akko, neutral male gnomish Healer --- .. . --- . ...-- .--h... --......- ---....... -)...... ...G.*.| ---- |......|. |.--... |.......- |...... |<......-- |.......- |...a....| |......---- |..@-- ..| |......[..----..f| --- ----........|.j..-- |..........a...| ----........*..| ......|..|.|.--- --------------- Akko the Rhizotomist Experience level: 1 Strength: 14 Dexterity: 8 Constitution: 13 Intelligence: 9 Wisdom: 15 Charisma: 16 Health: 0(13) Energy: 4(4) AC: 7 Gold: 2258 Moves: 1460 Your Inventory: Coins $ - 2258 gold pieces Weapons a - an uncursed +0 scalpel (weapon in hand) l - an [uncursed +0] silver short sword Armor b - an uncursed +1 pair of leather gloves (being worn) m - an [uncursed] +0 iron skull cap [orcish helm] (being worn) Comestibles j - 6 uncursed apples n - an [uncursed stale] egg Scrolls r - an [uncursed] scroll labeled ABRA KA DABRA [of teleportation] t - an [uncursed] scroll labeled ANDOVA BEGARIN [of light] Spellbooks g - a blessed spellbook of healing h - a blessed spellbook of extra healing i - a blessed spellbook of stone to flesh p - an [uncursed] spellbook of wizard lock Potions d - 2 uncursed potions of healing e - 2 uncursed potions of extra healing k - a [blessed] amber potion [of booze] Wands f - an uncursed wand of sleep (0:5) Tools c - an uncursed stethoscope Spells known in the end: Name Level Category Fail Memory a - healing 1 healing 0% [||||||||] b - extra healing 3 healing 74% [||||||||] c - stone to flesh 3 healing 82% [||||||||] d - wizard lock 2 matter 95% [||||||||] Your skills at the end: Fighting Skills Weapon Skills knife [Basic / Expert] Spellcasting Skills healing spells [Basic / Expert] Final Attributes: You were devoutly aligned. Hunger level was 290. Your alignment was 16 / 17. Monster difficulty range was 1 - 3. Level difficulty was 6. You were immune to poison. You had infravision. You were lucky (1). You are dead. Vanquished creatures: a snow ant a yellow light a homunculus a wererat an acid blob a manes a giant rat a green mold a red mold a gnome a gnome zombie a gecko a jackal 2 foxes 2 kobolds 2 goblins 2 sewer rats 3 grid bugs 4 lichens 2 kobold zombies 2 newts 32 creatures vanquished. Voluntary challenges: You were an atheist. You followed a strict vegan diet. You used a wielded weapon 4 times. You read items or engraved 1 time. You put on armor 2 times. You never genocided any monsters. You never polymorphed an object. You never changed form. You used no wishes. You never wrote Elbereth's name. You never encountered a bones level. You never used any Sokoban shortcuts. Dungeon overview: The Dungeons of Doom: levels 1 to 4 Level 1 (treaures) a long staircase Level 2 an altar to Hermes Level 4 stairs to The Gnomish Mines The Gnomish Mines: levels 5 to 6 Level 5 stairs to The Dungeons of Doom Level 6 <- You were here History has recorded: On T:1 you entered the Dungeons of Doom to retrieve the Amulet of Yendor! On T:516 you reached level 2 of The Dungeons of Doom. On T:841 you reached level 3 of The Dungeons of Doom. On T:938 you reached level 4 of The Dungeons of Doom. On T:1291 you reached level 1 of The Gnomish Mines. On T:1431 you reached level 2 of The Gnomish Mines. Latest messages: You see here a steamy potion. u - a steamy potion. You see here a scale mail. The dwarf zaps herself with a runed wand! The dwarf is suddenly moving faster. Pick an object. A giant beetle on the floor of a room. You see here a yellow gem. You displaced your kitten. The kitten bites the snow ant. The snow ant is killed! You hear crashing rock. The kitten eats a snow ant corpse. You displaced your kitten. The snow ant bites! (2x) You're covered in frost! One of your potions of healing freezes and shatters! Some of your potions of extra healing freeze and shatter! Your fizzy potion freezes and shatters! Your steamy potion freezes and shatters! You die... Final status: Goodbye Akko the Healer... You died in The Gnomish Mines on dungeon level 6 with 532 points, and 2258 pieces of gold, after 1460 moves. You were level 1 with a maximum of 13 hit points when you died.